 Dungeon Crawl Stone Soup version 0.31-a0-931-g7b59d4eb97 (webtiles) character file.

Game seed: 14156625226817631355

54 ZionofLight the Conjurer (level 4, -2/30 HPs)
             Began as a Human Conjurer on Oct 19, 2023.
             Slain by a cerulean imp
             ... wielding a +2 spear
             ... summoned by Natasha
              (3 damage)
             ... on level 2 of the Dungeon.
             The game lasted 00:05:59 (1672 turns).

ZionofLight the Conjurer (Human Conjurer)           Turns: 1672, Time: 00:05:59

Health: -2/30      AC:  2    Str:  7    XL:     4   Next: 12%
Magic:  5/7        EV: 12    Int: 20    God:
Gold:   76         SH:  0    Dex: 12    Spells: 6/7 levels left

rFire   . . .        j - +0 falchion (holy)
rCold   . . .        (no shield)
rNeg    . . .        a - +0 robe
rPois   .            (no helmet)
rElec   .            (no cloak)
rCorr   .            (no gloves)
SInv    .            (no boots)
Will    .....        (no amulet)
Stlth   ++           (no ring)
HPRegen 0.25/turn    (no ring)
MPRegen 0.10/turn

%: no passive effects
@: slowed, very slow
A: no striking features
a: no special abilities


You were on level 2 of the Dungeon.
You visited 1 branch of the dungeon, and saw 2 of its levels.

You collected 76 gold pieces.

Inventory:

Hand Weapons
 b - a +0 mace
 d - a +0 dagger
 g - a +0 dagger
 j - a +0 falchion of holy wrath (weapon)
Missiles
 c - 2 darts of dispersal
 h - 16 stones
Armour
 a - a +0 robe (worn)
 i - a +0 leather armour
Scrolls
 l - a scroll of teleportation {unknown}
Potions
 e - a potion of enlightenment
 k - a potion of cancellation {unknown}


   Skills:
 + Level 0.1 Fighting
 + Level 0.2 Maces & Flails
 + Level 2.2 Dodging
 + Level 2.4 Stealth
 + Level 2.3 Spellcasting
 + Level 4.8 Conjurations


You had 6 spell levels left.
You knew the following spells:

 Your Spells              Type           Power      Damage    Failure   Level
a - Magic Dart            Conj           84%        1d7       1%          1

Your spell library contained the following spells:

 Spells                   Type           Power      Damage    Failure   Level
 Searing Ray              Conj           42%        2d6       3%          2
 Dazzling Flash           Conj/Hex       24%        N/A       17%         3
 Fulminant Prism          Conj/Hex       6%         3d6       50%         4
 Iskenderun's Mystic Bla  Conj/Tloc      12%        2d5       50%         4


Dungeon Overview and Level Annotations

Branches:
Dungeon (2/15)

Altars:
Dithmenos

Annotations:
D:2 Natasha


Message History

Natasha casts a spell.
Natasha stares at you and mumbles some strange words.
The magic dart hits you.
Aiming: Magic Dart (safe; 1% risk of failure)
Press: ? - help, Q - select action, (/) - cycle Shift-Dir - straight line, f - Natasha
Aim: Natasha (100% to hit)
The magic dart hits Natasha.
Natasha is moderately wounded.
Natasha mumbles some strange words.
Natasha casts a spell.
The cerulean imp attacks as it pursues you!
The cerulean imp barely misses you.
Aiming: Magic Dart (safe; 1% risk of failure)
Press: ? - help, Q - select action, (/) - cycle Shift-Dir - straight line, f/p - Natasha
Aim: Natasha (moderately wounded, 100% to hit)
The magic dart hits Natasha.
Natasha is heavily wounded.
The cerulean imp hits you from afar with a +1 spear.
The cerulean imp attacks as it pursues you!
The cerulean imp hits you from afar with a +2 spear.
Natasha casts a spell at you.
You feel yourself slow down.
The cerulean imp attacks as it pursues you!
The cerulean imp hits you from afar with a +2 spear.
* * * LOW HITPOINT WARNING * * *
The cerulean imp hits you from afar with a +1 spear.
* * * LOW HITPOINT WARNING * * *
The cerulean imp hits you from afar with a +2 spear.
* * * LOW HITPOINT WARNING * * *
As you read the scroll labelled ZUSAFA WILAQUT, it dissolves into smoke.
It was a scroll of fog.
The cerulean imp hits you from afar with a +1 spear.
* * * LOW HITPOINT WARNING * * *
The cerulean imp hits you from afar with a +2 spear.
* * * LOW HITPOINT WARNING * * *
Natasha howls an incantation.
You feel disoriented. The cerulean imp closely misses you.
The cerulean imp hits you from afar with a +2 spear.
You die...

.........****#......#
.......###*###......#
...>......,,........#
.......#*****#......#
.......# #......#
.......### #......#
.....†...#####......##
....#........#.§§§...#
....##.#.##....§@§...#
..#.##.........§§....#
#.#..#...###.##555...#
#............#.h.....#
###..>....#..........#
,,................_..#
,*##.................#
** *,,.,.............#
* *,,,.........######


You could see Natasha and 3 cerulean imps.

Vanquished Creatures
  2 adders (D:2)
  A worm (D:2)
  2 dart slugs
  2 ball pythons
  2 bats (D:2)
  2 endoplasms
  A giant cockroach (D:2)
  A goblin (D:1)
  4 hobgoblins
  3 jackals (D:1)
  2 kobolds
  A frilled lizard (D:1)
  5 rats
28 creatures vanquished.

Notes
Turn   | Place    | Note
-------+----------+-------------------------------------------
     0 | D:1      | ZionofLight the Human Conjurer began the quest for the Orb.
     0 | D:1      | Reached XP level 1. HP: 13/13 MP: 3/3
   269 | D:1      | Reached XP level 2. HP: 19/19 MP: 0/5
  1253 | D:2      | Reached XP level 3. HP: 24/24 MP: 3/6
  1521 | D:2      | Reached XP level 4. HP: 30/30 MP: 2/7
  1634 | D:2      | Found a shadowy altar of Dithmenos.
  1662 | D:2      | Noticed Natasha
  1672 | D:2      | HP: 1/30 [cerulean imp/+2 spear[Natasha] (1)]
  1672 | D:2      | Slain by a cerulean imp

Illustrated notes

Levels and vault maps discovered:
D:1:      dpeg_arrival_tiny_a, layout_loops_corners
D:2:      layout_rooms, basic_altar, minmay_cut_off, uniq_natasha

Action                     |  1- 3 |  4- 6 || total
---------------------------+-------+-------++-------
  Melee: Mace              |    15 |       ||    15
         Falchion          |     6 |     3 ||     9
   Cast: Magic Dart        |    50 |     5 ||    55
    Use: Potion            |     1 |       ||     1
         Scroll            |       |     4 ||     4
 Armour: Robe              |    11 |    13 ||    24
  Dodge: Dodged            |    25 |     8 ||    33

Table legend: (Time is in decaauts)
 A = Elapsed time spent in this place.
 B = Non-inter-level travel time spent in this place.
 C = Inter-level travel time spent in this place.
 D = Time resting spent in this place.
 E = Time spent auto-exploring this place.
 F = Levels seen in this place.
 G = Mean time per level.
                   A        B        C        D        E       F      G
               +--------+--------+--------+--------+--------+-----+--------+
         Total |   1680 |   1680 |      0 |      0 |   1074 |   2 |  840.0 |
       Dungeon |   1680 |   1680 |      0 |      0 |   1074 |   2 |  840.0 |
               +--------+--------+--------+--------+--------+-----+--------+

Top non-repeatable levels by time:
     D:1: 1255 daAuts
     D:2: 425 daAuts
